 Dungeon Crawl Stone Soup version 0.28.0-53-g5a82cb258f (webtiles) character file.

Game seed: 4523051637983374747

36 pkoi the Conjurer (level 3, -3/26 HPs)
             Began as a Demigod Conjurer on May 28, 2022.
             Slain by Terence
             ... wielding a +0 falchion
              (5 damage)
             ... on level 1 of the Dungeon.
             The game lasted 00:01:27 (1595 turns).

pkoi the Conjurer (Demigod Conjurer)                Turns: 1595, Time: 00:01:27

Health: -3/26      AC:  2    Str:  8    XL:     3   Next: 5%
Magic:  8/8        EV: 12    Int: 24    God:
Gold:   72         SH:  0    Dex: 12    Spells: 4/5 levels left

rFire   . . .      SeeInvis .   b - +0 whip (drain)
rCold   . . .      Faith    .   (no shield)
rNeg    . . .      Spirit   .   a - +0 robe
rPois   .          Reflect  .   (no helmet)
rElec   .          Harm     .   (no cloak)
rCorr   .          Rampage  .   (no gloves)
Will    .....                   (no boots)
Stlth   ++........              (no amulet)
HPRegen 0.08/turn               (no ring)
MPRegen 0.11/turn               (no ring)

@: about to teleport
A: high MP 1, forlorn, divine attributes
a: no special abilities


You were on level 1 of the Dungeon.
You visited 1 branch of the dungeon, and saw 2 of its levels.

You collected 72 gold pieces.

Inventory:

Hand Weapons
 b - a +0 whip of draining (weapon)
Armour
 a - a +0 robe (worn)
Scrolls
 c - a scroll of vulnerability {unknown}
 f - a scroll of teleportation
 h - a scroll of fog {unknown}
Potions
 d - 2 potions of might {unknown}
 e - a potion of curing {unknown}
 g - a potion of attraction {unknown}


   Skills:
 - Level 1.7 Dodging
 - Level 1.7 Stealth
 - Level 1.7 Spellcasting
 + Level 4.6 Conjurations


You had 4 spell levels left.
You knew the following spells:

 Your Spells              Type           Power      Damage    Failure   Level
a - Magic Dart            Conj           96%        1d7       1%          1

Your spell library contained the following spells:

 Spells                   Type           Power      Damage    Failure   Level
 Searing Ray              Conj           48%        2d6       2%          2
 Dazzling Flash           Conj/Hex       26%        N/A       14%         3
 Fulminant Prism          Conj/Hex       6%         3d7       43%         4
 Iskenderun's Mystic Bla  Conj/Tloc      13%        2d5       43%         4


Dungeon Overview and Level Annotations

Branches:
Dungeon (2/15)

Annotations:
D:1 Terence


Innate Abilities, Weirdness & Mutations

You have an increased reservoir of magic. (+10% MP)
You shall have no god before yourself.
Your divine heritage dramatically boosts your attributes as you level up.


Message History

Unknown command.
You open the door.
There is an open door here.
Terence and 2 goblins come into view.
A goblin is wielding a +0 dagger of electrocution.
Found a gold piece.
The goblin shouts! x2; You hear a shout! x3
A hobgoblin comes into view.
Terence drinks a potion.
Terence seems to speed up.
A hobgoblin comes into view.
You hear a shout!
Terence says, "Rest in peace."
Terence barely misses you. Terence hits you but does no damage.
Terence barely misses you.
You closely miss Terence. Terence shouts, "Now you die!"
Terence closely misses you. x2
Terence hits you but does no damage. Terence closely misses you.
Terence barely misses you.
There is a stone staircase leading up here.
Terence barely misses you. Terence hits you with a +0 falchion!
* * * LOW HITPOINT WARNING * * *
You climb upwards.
There is a stone staircase leading down here.
Unknown command.
Terence hits you with a +0 falchion.
* * * LOW HITPOINT WARNING * * *
Terence asks, "Do you want it fast or slow?"
Terence barely misses you. Terence barely misses you.
Terence hits you with a +0 falchion.
* * * LOW HITPOINT WARNING * * *
Terence hits you with a +0 falchion.
* * * LOW HITPOINT WARNING * * *
As you read the scroll labelled QIECOT QOOGUXI, it crumbles to dust.
You feel strangely unstable.
It was a scroll of teleportation.
Terence hits you with a +0 falchion.
You die...

#......#.####..########
####..###.#..........##
#.)...# #....####.#...####
#.#...###.##.# #........#
..........##.# ###...##.#
#.##.##.####.# ##.###.#
#....##.####.## #.# #.#
#.###.#.....).######.# #.#
..# #.######....@@...# #.#
#.###.######.######..# #.#
#............# #...# #.#
###..#######.# #..## #.#
##..# #.## #..# #.# #...#
#..## #..# #.# ##...###
##.#.###..# #.#
.......####..##.##..# #.#
.......♣........>...####.#


You could see Terence (fast).

Vanquished Creatures
  2 dart slugs (D:1)
  4 ball pythons (D:1)
  A bat (D:1)
  5 endoplasms (D:1)
  3 giant cockroaches (D:1)
  A hobgoblin (D:1)
  3 kobolds (D:1)
  3 quokkas (D:1)
  4 goblins (D:1)
26 creatures vanquished.

Vanquished Creatures (others)
  A withered plant (D:1)
1 creature vanquished.

Grand Total: 27 creatures vanquished

Notes
Turn   | Place    | Note
-------+----------+-------------------------------------------
     0 | D:1      | pkoi the Demigod Conjurer began the quest for the Orb.
     0 | D:1      | Reached XP level 1. HP: 14/14 MP: 5/5
   383 | D:1      | Reached skill level 4 in Conjurations
   517 | D:1      | Reached XP level 2. HP: 18/20 MP: 1/7
  1340 | D:1      | Reached XP level 3. HP: 26/26 MP: 5/8
  1563 | D:2      | Noticed Terence
  1595 | D:1      | Slain by Terence

Illustrated notes

Levels and vault maps discovered:
D:1:      lightli_arrival_lavapool, layout_loops_ring,
          ebering_ecumenical_altar_petrified
D:2:      layout_basic, uniq_terence, uniq_robin, uniq_natasha

Skill      XL: |  1 |
---------------+----+-----
Conjurations   | 4 |  4.6
Dodging        | |  1.7
Stealth        | |  1.7
Spellcasting   | |  1.7

Action                   || total
-------------------------++-------
Melee: Whip              ||     2
 Cast: Magic Dart        ||    54
  Use: Scroll            ||     1
Armor: Robe              ||     4
Dodge: Dodged            ||    21
